Map: Selva profunda EE

Players

MrFercho - Winner!

  • Race: Zerg Zerg
  • League: Silver
  • Spawn Location: 7:00

TATORREA - Winner!

  • Race: Protoss Protoss
  • League: Silver
  • Spawn Location: 7:00

tigro - Winner!

  • Race: Terran Terran
  • League: Bronze
  • Spawn Location: 7:00

DUCKNIGHT

  • Race: Protoss Protoss
  • League: Bronze
  • Spawn Location: 1:00

Ulrick

  • Race: Terran Terran
  • Spawn Location: 3:00

DEVASTATOR

  • Race: Protoss Protoss
  • Spawn Location: 1:00

VOD

Have the link to the VOD?

Description

Time

  • Played on: June 14, 2020, 11:19 p.m.
  • Length: 21:20
Show
View Real Time Build Order
Export as new Build Order

MrFercho Zerg - Winner!

Build Orders: Hatch First 

Get SALT Encoding   

  12  0:01  Drone  
  13  0:13  Overlord  
  13  0:17  Drone  
  14  0:32  Drone x2  
  16  0:40  Drone  
  17  0:55  Drone  
  18  0:59  Drone  
  19  1:04  Hatchery  
  18  1:15  Spawning Pool, Drone  
  18  1:26  Drone  
  18  1:31  Drone, Extractor  
  19  1:40  Drone  
  20  2:03  Drone x2  
  22  2:16  Queen  
  22  2:17  Queen  
  22  2:19  Overlord x2  
  26  2:28  Drone x2  
  28  2:46  Roach Warren, Drone x3  
  30  2:55  Queen  
  30  2:57  Evolution Chamber  
  31  3:00  Lair  
  31  3:03  Drone  
  31  3:04  Drone x2  
  34  3:07  Drone  
  35  3:27  Drone x6  
  41  3:34  Extractor  
  41  3:35  Extractor  
  41  3:38  Spine Crawler  
  38  3:55  Zerg Ground Armor Level 1, Baneling Nest  
  37  3:57  Drone x7  
  44  4:09  Drone, Extractor  
  44  4:12  Overlord x2  
  44  4:21  Overseer  
  44  4:43  Roach  
  44  4:44  Roach x2  
  50  4:48  Drone x6  
  56  5:10  Roach  
  56  5:11  Roach  
  56  5:13  Overlord x4  
  60  5:33  Drone x4  
  64  6:05  Overlord x3  
  64  6:15  Roach  
  64  6:16  Roach x5  
  76  6:19  Zerg Missile Weapons Level 1  
  76  6:24  Evolution Chamber  
  75  6:34  Drone x6  
  81  6:46  Hatchery  
  80  6:51  Extractor  
  80  6:52  Extractor  
  78  6:57  Extractor  
  77  7:02  Extractor  
  76  7:10  Drone x3  
  76  7:12  Drone  
  80  7:25  Hydralisk Den  
  79  7:30  Infestation Pit  
  78  8:02  Spine Crawler  
  78  8:03  Spine Crawler, Spore Crawler  
  75  8:05  Spine Crawler  
  74  8:13  Drone x3  
  74  8:14  Drone x15  
  92  8:28  Grooved Spines  
  92  8:31  Hive  
  92  8:38  Hatchery, Overlord x8  
  91  8:42  Hydralisk  
  93  8:50  Ravager x3  
  93  8:51  Ravager  
  97  9:24  Drone x2  
  97  9:25  Drone x9  
  108  9:40  Muscular Augments  
  95  10:16  Spore Crawler  
  90  10:26  Overseer  
  86  10:32  Hydralisk x4  
  86  10:33  Hydralisk x13  
  117  10:43  Overseer  
  116  11:21  Hydralisk  
  116  11:22  Hydralisk x2  
  116  11:24  Drone x6  
  116  11:25  Drone x2  
  130  11:29  Drone  
  127  11:59  Drone x6  
  127  12:00  Drone x6  
  139  12:23  Overseer  
  139  12:25  Overseer  
  81  12:59  Drone x8  
  89  13:07  Drone x4  
  87  13:13  Extractor  
  86  13:43  Hydralisk x2  
  86  13:44  Hydralisk x10  
  86  13:48  Hatchery  
  109  14:15  Hydralisk x8  
  125  14:51  Overlord x10  
  125  14:52  Overlord x2  
  125  15:06  Zerg Missile Weapons Level 2  
  125  15:38  Evolution Chamber  
  125  15:39  Hydralisk x15  
  154  15:48  Pneumatized Carapace  
  154  15:50  Burrow  
  154  15:51  Glial Reconstitution  
  154  15:54  Zerg Ground Armor Level 2  
  154  16:06  Extractor  
  154  16:08  Spire x3  
  154  16:09  Extractor  
  127  16:20  Hydralisk  
  127  16:21  Hydralisk x13  
  106  16:45  Hydralisk x2  
  106  16:46  Hydralisk x7  
  116  17:34  Drone x15  
  116  17:35  Drone  
  132  18:08  Hatchery, Zerg Missile Weapons Level 3  
  132  18:10  Hydralisk x5  
  132  18:11  Hydralisk x8  
  157  18:15  Hatchery  
  157  18:17  Extractor  
  157  18:18  Extractor  
  154  18:56  Greater Spire  
  154  18:59  Zerg Flyer Armor Level 1  
  154  19:00  Zerg Flyer Weapons Level 1  
  154  19:23  Hydralisk x11  
  154  19:24  Hydralisk x4  
  161  20:17  Mutalisk x14  
  169  20:51  Drone x12  
  171  20:57  Drone  
  171  20:58  Drone x2  
Show
View Real Time Build Order
Export as new Build Order

TATORREA Protoss - Winner!

Build Orders:  

Get SALT Encoding   

  12  0:01  Probe  
  13  0:13  Probe  
  14  0:22  Pylon  
  14  0:25  Probe  
  15  0:41  Probe  
  16  0:50  Gateway  
  16  0:52  Probe  
  17  0:59  Assimilator  
  17  1:00  Probe  
  18  1:08  Probe  
  18  1:09  Pylon  
  18  1:10  Assimilator  
  18  1:17  Probe  
  19  1:25  Probe  
  21  1:33  Probe  
  22  1:45  Probe  
  22  1:46  Cybernetics Core  
  23  1:57  Probe  
  24  2:09  Probe  
  24  2:10  Nexus  
  25  2:16  Pylon  
  25  2:17  Probe  
  26  2:31  Probe  
  27  2:43  Probe  
  28  2:51  Gateway  
  28  2:52  Gateway  
  28  2:55  Probe  
  28  2:56  Pylon  
  29  3:07  Probe  
  30  3:19  Probe, Warp Gate  
  31  3:24  Stalker  
  33  3:27  Probe  
  33  3:31  Probe  
  35  3:39  Probe  
  35  3:41  Stalker x2  
  38  3:45  Probe  
  41  3:51  Probe  
  42  3:57  Robotics Facility  
  42  3:58  Probe  
  42  4:00  Pylon  
  43  4:03  Probe  
  43  4:07  Pylon  
  44  4:10  Probe  
  45  4:19  Nexus  
  45  4:22  Probe x2  
  45  4:23  Pylon  
  47  4:30  Assimilator  
  47  4:34  Probe x2, Assimilator  
  49  4:46  Probe x2  
  49  4:48  Twilight Council  
  49  4:51  Gateway  
  51  4:58  Probe x2  
  53  5:11  Probe x2  
  55  5:18  Immortal  
  59  5:23  Probe x2, Stalker  
  59  5:24  Stalker x2  
  67  5:35  Probe x3  
  70  5:37  Gateway  
  70  5:38  Gateway  
  70  5:46  Assimilator  
  70  5:47  Probe x3  
  70  5:48  Assimilator  
  73  5:55  Stalker  
  73  5:56  Stalker x2  
  79  5:59  Probe x3  
  79  6:01  Stalker  
  84  6:11  Probe x3  
  84  6:17  Stargate  
  87  6:20  Stargate  
  87  6:25  Probe, Pylon  
  88  6:26  Probe x2  
  88  6:29  Pylon  
  90  6:37  Probe  
  90  6:38  Probe x2  
  93  6:40  Pylon  
  93  6:50  Nexus  
  93  6:52  Pylon  
  93  6:57  Probe  
  93  6:58  Probe x2  
  96  7:10  Probe x3  
  99  7:21  Stalker  
  99  7:22  Probe x3, Stalker x4  
  112  7:23  Stalker  
  112  7:29  Pylon  
  114  7:34  Probe, Immortal, Pylon  
  114  7:36  Void Ray x2  
  127  7:38  Pylon  
  127  7:58  Forge  
  127  8:02  Forge x2  
  127  8:20  Protoss Ground Weapons Level 1  
  127  8:21  Protoss Ground Armor Level 1  
  127  8:24  Protoss Shields Level 1, Nexus  
  127  8:26  Pylon  
  127  8:28  Probe  
  128  8:35  Void Ray  
  128  8:36  Void Ray, Assimilator  
  128  8:38  Immortal, Assimilator  
  140  8:53  Stalker x5  
  140  8:54  Stalker  
  152  9:05  Gateway  
  152  9:08  Gateway  
  152  9:12  Gateway  
  152  9:16  Gateway  
  152  9:17  Gateway x3  
  152  9:20  Gateway  
  152  9:30  Void Ray x2  
  160  9:35  Stalker x3  
  160  9:36  Stalker x3  
  172  9:41  Immortal  
  176  9:53  Templar Archives  
  176  10:09  Stalker  
  176  10:10  Stalker x2  
  176  10:11  Stalker x4  
  176  10:13  Stalker  
  192  10:19  Protoss Ground Weapons Level 2  
  192  10:20  Protoss Shields Level 2, Protoss Ground Armor Level 2  
  192  10:25  Pylon  
  192  10:31  Stalker, Pylon  
  192  10:35  Pylon  
  194  10:36  Gateway  
  194  10:41  Gateway  
  194  10:43  Void Ray  
  194  10:45  Protoss Air Weapons Level 1, Gateway  
  198  10:56  Stalker  
  200  11:25  Void Ray  
  198  11:39  Immortal  
  196  11:44  Stalker x2  
  196  11:45  Stalker x4  
  196  11:46  Stalker x5  
  190  11:47  Stalker x2  
  190  11:48  Stalker x4  
  154  12:07  Void Ray  
  140  12:10  Void Ray  
  134  12:18  Immortal  
  138  12:31  High Templar x3  
  138  12:32  High Templar x2  
  138  12:33  High Templar x5  
  138  12:34  High Templar x2  
  138  12:35  High Templar  
  164  12:40  Stalker x2  
  164  12:41  Stalker  
  164  12:44  Archon x4  
  170  12:45  Archon x2  
  170  12:49  Stalker  
  170  12:50  Void Ray  
  176  12:53  Void Ray  
  176  12:58  Immortal  
  184  13:06  Stalker x2  
  184  13:07  Stalker x3  
  184  13:08  Protoss Ground Armor Level 3, Protoss Ground Weapons Level 3  
  184  13:09  Stalker  
  184  13:11  Stalker  
  198  13:14  Stalker  
  200  13:40  Protoss Air Armor Level 1  
  200  13:46  Fleet Beacon  
  184  14:20  Immortal  
  184  14:22  Void Ray x2  
  184  14:27  Stalker x3  
  184  14:28  Stalker x3, Charge  
  144  14:31  Zealot x2  
  144  14:32  Zealot x4  
  144  14:33  Zealot x4  
  144  14:34  Zealot  
  138  14:52  Gateway  
  138  14:55  Gateway  
  138  14:59  Gateway  
  138  15:04  Gateway  
  138  15:05  Void Ray x2  
  138  15:06  Gateway  
  146  15:09  Stalker x2  
  146  15:10  Stalker x2, Gateway  
  146  15:11  Stalker x2  
  146  15:12  Stalker x3  
  146  15:13  Stalker x2  
  168  15:14  Stalker x4  
  168  15:15  Stalker x2, Gateway  
  168  15:21  Gateway  
  180  15:22  Gateway  
  180  15:24  Gateway  
  180  15:26  Gateway  
  180  15:30  Gateway  
  180  15:46  Protoss Air Weapons Level 2  
  180  16:05  Assimilator  
  180  16:09  Assimilator  
  180  16:14  Stalker x2  
  180  16:15  Stalker  
  180  16:16  Stalker  
  180  16:17  Stalker x2  
  180  16:18  Stalker x4  
  196  16:21  Pylon  
  144  17:06  Stalker x2  
  144  17:07  Stalker x5  
  144  17:08  Stalker  
  144  17:09  Stalker x5  
  144  17:10  Stalker x3  
  144  17:11  Stalker x2  
  144  17:12  Stalker x5  
  144  17:13  Stalker x4  
  182  17:17  Stalker  
  182  17:20  Stalker  
  186  17:59  Stalker x4  
  186  18:00  Stalker x3  
  186  19:16  Nexus  
  162  19:20  Pylon  
  84  19:32  Stalker x3  
  84  19:33  Stalker x4  
  84  19:34  Stalker x4  
  84  19:35  Stalker x2  
  84  19:36  Stalker x2  
  84  19:37  Stalker x3  
  84  19:38  Stalker x3  
  120  19:39  Stalker x2  
  120  19:40  Stalker x5  
  120  19:42  Stalker  
  138  20:04  Stalker x2  
  138  20:06  Stalker  
  144  20:07  Stalker x3  
  144  20:08  Stalker x3  
  144  20:09  Stalker x2  
  144  20:10  Stalker x2, Nexus  
  144  20:11  Stalker x2  
  144  20:12  Stalker x2  
  144  20:13  Stalker x2, Pylon  
  144  20:14  Stalker x3  
  180  20:17  Stalker  
  184  20:24  Assimilator  
  184  20:26  Assimilator  
  184  21:15  Stalker  
Show
View Real Time Build Order
Export as new Build Order

tigro Terran - Winner!

Build Orders:  

Get SALT Encoding   

  12  0:03  SCV  
  13  0:15  SCV  
  14  0:25  Supply Depot  
  14  0:28  SCV  
  15  0:35  Refinery  
  15  0:46  SCV  
  16  0:54  Barracks  
  16  0:58  SCV  
  17  1:06  Refinery  
  17  1:10  SCV  
  18  1:22  Supply Depot  
  18  1:23  SCV  
  19  1:35  SCV  
  20  1:41  Marine  
  21  1:47  SCV  
  22  1:57  Barracks  
  22  1:59  Marine  
  23  2:17  Marine  
  23  2:18  SCV  
  25  2:31  SCV  
  25  2:34  Marine  
  27  2:47  Factory  
  27  2:52  Marine, Barracks Tech Lab  
  27  2:54  Orbital Command  
  28  3:19  Barracks Tech Lab  
  28  3:33  Factory Tech Lab  
  28  3:40  SCV  
  29  3:45  Engineering Bay  
  29  3:57  Siege Tank  
  29  3:59  Combat Shield, Starport  
  29  4:01  Stimpack  
  32  4:19  Marine x2  
  34  4:37  Marine x2  
  34  4:38  Starport  
  36  4:40  Medivac  
  38  4:52  Missile Turret  
  38  4:55  Marine  
  39  5:12  Marine  
  39  5:13  Marine  
  41  5:14  Missile Turret  
  41  5:17  Concussive Shells  
  41  5:23  Siege Tank  
  41  5:27  Starport Tech Lab  
  41  5:28  Starport Tech Lab  
  44  5:30  Marine x2  
  46  5:38  Missile Turret  
  46  5:39  Fusion Core  
  46  5:48  Marine  
  47  6:13  Missile Turret  
  47  6:17  Command Center  
  47  6:21  Supply Depot  
  47  6:43  Marine x2  
  47  6:45  Supply Depot  
  49  7:01  Marine x2  
  51  7:02  Missile Turret  
  51  7:18  Marine x2  
  53  7:25  Missile Turret  
  53  7:27  Medivac  
  55  7:31  Refinery  
  55  7:35  Refinery  
  55  7:36  Marine x2  
  57  7:46  Armory, Missile Turret  
  57  7:51  SCV  
  58  7:54  Marine  
  59  8:03  SCV  
  60  8:15  SCV  
  61  8:20  Missile Turret  
  61  8:27  SCV  
  61  8:33  Terran Infantry Weapons Level 1  
  62  8:38  Weapon Refit  
  62  8:39  SCV  
  63  8:41  Terran Vehicle Weapons Level 1  
  63  8:46  Marine x2  
  65  8:51  SCV  
  66  9:03  SCV, Marine  
  66  9:04  Marine  
  69  9:16  SCV  
  70  9:21  Marine x2  
  72  9:28  SCV  
  73  9:36  Missile Turret  
  73  9:39  Marine  
  73  9:40  SCV  
  81  9:45  Battlecruiser  
  81  9:52  SCV  
  82  10:18  Rapid Reignition System  
  82  10:27  Terran Infantry Armor Level 1  
  47  11:10  Planetary Fortress  
  47  11:15  Advanced Ballistics  
  47  11:20  Marine  
  47  11:21  Marine  
  49  11:30  Medivac  
  49  11:32  Medivac  
  53  11:38  Marine  
  53  11:39  Marine  
  55  11:42  Thor  
  61  11:56  Marine x2  
  61  12:01  Battlecruiser  
  69  12:02  Battlecruiser  
  75  12:14  Marine x2  
  77  12:17  Missile Turret  
  77  12:21  Neosteel Armor  
  77  12:28  Terran Vehicle And Ship Armor Level 1  
  77  12:32  Marine x2  
  79  12:38  Missile Turret  
  79  12:49  Marine  
  79  12:50  Marine  
  81  12:59  Missile Turret  
  81  13:00  Command Center  
  81  13:07  Marine  
  81  13:08  Marine  
  83  13:16  Battlecruiser  
  89  13:23  Missile Turret  
  89  13:25  Marine x2  
  91  13:30  Battlecruiser  
  71  14:01  Hi-Sec Auto Tracking  
  69  14:03  Missile Turret  
  67  14:22  Terran Ship Weapons Level 1  
  65  14:58  Terran Infantry Weapons Level 2  
  65  15:00  Marine x2  
  61  15:17  Marine  
  61  15:18  Marine  
  57  15:34  Medivac, Liberator  
  62  15:35  Marine x2  
  52  15:53  Marine x2  
  60  16:04  Battlecruiser  
  60  16:11  Marine x2  
  60  16:15  Planetary Fortress  
  60  16:18  Battlecruiser  
  68  16:20  Refinery  
  68  16:27  Refinery  
  68  17:08  Battlecruiser  
  74  17:13  Terran Infantry Armor Level 2  
  74  17:22  Battlecruiser  
  80  17:56  Marine  
  80  17:57  Marine  
  82  18:12  Battlecruiser  
  88  18:14  Marine x2  
  90  18:26  Battlecruiser  
  96  18:32  Marine x2  
  98  18:50  Marine x2  
  100  19:08  Marine x2  
  102  19:10  Missile Turret  
  102  19:17  Battlecruiser  
  108  19:29  Command Center  
  108  19:30  Missile Turret  
  108  19:39  Refinery  
  108  19:51  Missile Turret, Refinery  
  95  20:12  Missile Turret  
  90  20:33  Missile Turret  
  83  21:00  Missile Turret  
Show
View Real Time Build Order
Export as new Build Order

DUCKNIGHT Protoss 

Build Orders:  

Get SALT Encoding   

  12  2:34  Pylon  
  12  2:42  Assimilator  
  12  2:47  Assimilator  
  12  2:56  Probe  
  12  3:04  Probe  
  14  3:25  Gateway  
  14  3:44  Nexus  
  14  3:49  Nexus  
  14  4:15  Cybernetics Core  
  14  4:23  Forge  
  14  4:28  Probe  
  14  4:32  Pylon  
  14  4:36  Pylon  
  14  4:37  Probe  
  16  4:46  Probe  
  17  4:55  Probe  
  17  4:58  Probe  
  17  4:59  Probe  
  19  5:03  Probe  
  20  5:08  Probe  
  20  5:10  Probe  
  20  5:12  Probe  
  23  5:15  Photon Cannon  
  23  5:16  Photon Cannon  
  23  5:17  Probe  
  25  5:22  Photon Cannon  
  25  5:24  Probe  
  26  5:29  Probe  
  27  5:37  Probe  
  27  5:38  Robotics Facility  
  27  5:40  Stalker  
  27  5:41  Probe  
  31  6:09  Pylon  
  31  6:13  Stalker  
  33  6:29  Robotics Facility  
  33  6:31  Robotics Facility  
  33  6:34  Robotics Facility  
  33  6:43  Immortal  
  33  6:45  Probe  
  37  6:53  Probe  
  38  6:54  Probe  
  38  6:59  Probe  
  40  7:02  Probe  
  40  7:03  Probe  
  40  7:07  Probe  
  43  7:12  Probe  
  43  7:15  Probe  
  46  7:17  Probe  
  46  7:22  Immortal  
  51  7:24  Probe  
  51  7:27  Probe, Observer  
  51  7:29  Probe  
  55  7:34  Immortal  
  55  7:36  Probe  
  60  7:41  Probe  
  60  7:42  Protoss Shields Level 1  
  61  7:51  Immortal  
  65  7:58  Immortal  
  69  8:11  Assimilator  
  69  8:13  Probe  
  69  8:15  Assimilator  
  69  8:16  Assimilator  
  70  8:20  Probe  
  70  8:21  Probe, Assimilator  
  72  8:28  Probe  
  72  8:31  Probe  
  74  8:36  Pylon  
  74  8:37  Probe, Pylon  
  74  8:38  Pylon  
  75  8:43  Probe, Pylon  
  76  8:49  Pylon  
  76  8:50  Probe  
  81  8:55  Probe, Immortal  
  81  8:57  Immortal  
  86  9:13  Pylon  
  86  9:21  Immortal  
  86  9:22  Immortal  
  94  9:32  Forge  
  94  9:43  Forge  
  94  9:44  Immortal  
  102  9:45  Immortal  
  102  10:00  Protoss Ground Armor Level 1  
  102  10:05  Protoss Ground Weapons Level 1  
  102  10:22  Twilight Council  
  102  10:40  Photon Cannon  
  102  10:42  Photon Cannon  
  102  10:44  Photon Cannon  
  102  11:11  Immortal x4  
  110  11:14  Protoss Shields Level 2  
  69  12:22  Immortal x3  
  81  12:23  Immortal  
  85  13:01  Immortal x3  
  85  13:02  Immortal  
  101  13:06  Probe  
  101  13:10  Probe  
  102  13:14  Probe  
  102  13:18  Probe  
  104  13:24  Probe  
  106  13:28  Probe  
  106  13:31  Pylon  
  106  13:33  Pylon  
  107  13:35  Pylon  
  107  13:40  Immortal x2  
  115  13:49  Immortal x2  
  115  14:19  Immortal  
  99  14:56  Immortal x3  
  99  14:59  Immortal  
  115  15:35  Immortal x3  
  127  15:38  Immortal  
  131  16:14  Immortal x2  
  131  16:18  Immortal  
  139  16:19  Immortal  
  122  16:53  Immortal  
  122  16:54  Immortal  
  118  16:57  Immortal  
  118  16:58  Immortal  
  90  17:33  Immortal x2  
  90  17:36  Immortal  
  102  17:38  Immortal  
  88  18:12  Immortal x2  
  89  18:16  Immortal  
  89  18:17  Immortal  
  94  18:51  Immortal, Observer  
  94  18:55  Observer  
  100  18:56  Immortal  
  100  19:13  Immortal  
  100  19:16  Immortal  
  96  19:30  Immortal  
  100  19:35  Immortal  
  100  19:52  Immortal  
  104  19:55  Immortal  
  108  20:10  Immortal  
Show
View Real Time Build Order
Export as new Build Order

Ulrick Terran 

Build Orders:  

Get SALT Encoding   

  12  0:27  Supply Depot  
  12  0:54  Barracks  
  12  0:59  Barracks x2  
  12  1:13  Barracks  
  12  1:26  Supply Depot  
  12  1:27  SCV  
  13  1:45  Marine  
  13  1:46  Marine  
  15  1:47  Marine  
  16  1:59  Marine  
  17  2:06  SCV  
  18  2:18  SCV  
  18  2:20  Refinery  
  19  2:29  Marine  
  19  2:30  SCV, Marine  
  19  2:35  Marine  
  23  2:37  Marine  
  23  2:42  SCV  
  25  2:55  SCV  
  26  3:07  SCV  
  27  3:14  Marine x2  
  27  3:15  Marine x2  
  31  3:25  Supply Depot, Orbital Command  
  31  3:47  Marine  
  31  3:48  Supply Depot  
  32  3:51  SCV, Engineering Bay  
  33  4:16  Command Center  
  33  4:22  SCV  
  34  4:27  Supply Depot  
  34  4:28  Marine x4  
  38  4:38  Barracks  
  38  4:39  Hi-Sec Auto Tracking  
  38  4:50  Missile Turret  
  38  4:56  Supply Depot  
  38  5:09  SCV  
  38  5:10  Refinery  
  38  5:11  Missile Turret  
  38  5:13  Marine x3  
  42  6:17  SCV  
  43  6:23  Barracks Tech Lab  
  43  6:29  SCV  
  43  6:30  Ghost Academy  
  43  6:31  Barracks Reactor x2  
  43  6:32  Barracks Reactor  
  44  6:36  Neosteel Armor  
  44  6:39  Barracks Reactor  
  44  6:41  SCV  
  44  6:45  SCV  
  46  6:53  Refinery  
  46  6:54  SCV  
  47  6:57  SCV  
  47  7:00  Refinery  
  47  7:01  Ghost Academy  
  48  7:06  SCV  
  49  7:09  SCV  
  49  7:13  Factory  
  50  7:18  SCV  
  50  7:21  SCV  
  52  7:26  Missile Turret  
  52  7:30  SCV  
  52  7:33  SCV  
  54  7:42  SCV  
  55  7:45  SCV  
  55  7:46  Personal Cloaking  
  56  7:53  Ghost, Ghost Academy  
  56  7:54  SCV  
  56  7:57  SCV  
  60  7:58  Missile Turret  
  60  8:06  SCV  
  60  8:09  SCV, Factory Tech Lab  
  62  8:18  SCV  
  63  8:21  Ghost  
  63  8:25  Starport  
  65  8:30  SCV  
  66  8:41  Nuke  
  66  8:42  SCV  
  67  8:50  Ghost  
  70  9:01  Missile Turret  
  70  9:02  Orbital Command  
  69  9:06  SCV  
  70  9:12  Starport Reactor  
  70  9:13  Command Center  
  70  9:18  SCV  
  70  9:19  Starport  
  70  9:23  Missile Turret  
  71  9:27  Nuke  
  71  9:30  SCV, Siege Tank  
  75  9:34  Marine  
  75  9:35  Marine x2  
  78  9:42  SCV, Marine x5  
  84  9:52  Marine x3  
  84  9:55  SCV  
  84  9:59  Marine x5  
  93  10:14  Nuke x2  
  93  10:24  Siege Tank  
  92  11:03  Nuke  
  92  11:05  Ghost  
  94  11:22  SCV  
  93  11:34  SCV, Ghost  
  92  11:46  SCV  
  76  11:48  Marine x5  
  76  11:49  Marine x3  
  79  11:58  SCV  
  76  12:02  Ghost  
  76  12:06  Marine x7  
  76  12:07  Marine  
  83  12:27  Marine x6  
  83  12:28  Marine x2  
  86  12:31  Ghost  
  88  12:45  Marine x4  
  88  12:46  Siege Tank  
  91  12:59  Ghost  
  89  13:18  Siege Tank  
  83  13:42  Marine x2  
  83  13:43  Marine x6  
  91  13:50  Siege Tank  
  94  14:06  Marine x2  
  94  14:07  Marine x6  
  79  14:24  Marine x2  
  67  14:25  Marine x2  
  71  14:45  Marine x2  
  71  14:46  Marine x6  
  69  15:03  Marine x4  
  69  15:04  Marine x4  
  77  15:11  Combat Shield  
  76  15:21  Marine x5  
  70  15:45  Marine x4  
  70  15:46  Marine x4  
  77  16:03  Marine x6  
  77  16:04  Marine  
  83  16:06  Marine  
  83  16:21  Marine x7  
  83  16:23  Marine  
  84  16:30  Stimpack  
  84  16:38  Marine  
  84  16:39  Marine x6  
  91  16:41  Marine  
  91  16:56  Marine x2  
  91  16:57  Marine x4  
  91  16:59  Marine  
  94  17:01  Marine  
  86  17:14  Marine x4  
  86  17:15  Marine  
  82  17:17  Marine  
  79  17:48  Command Center  
  64  19:36  Marine x2  
  64  19:37  Marine x6  
  72  19:54  Marine x4  
  72  19:55  Marine x4  
  71  20:17  Marine x6  
  71  20:18  Marine x2  
  79  20:35  Marine x7  
  82  20:36  Marine  
  82  20:38  Ghost  
  70  20:52  Marine  
  70  20:53  Marine x7  
Show
View Real Time Build Order
Export as new Build Order

DEVASTATOR Protoss 

Build Orders: Carriers 

Get SALT Encoding   

  12  0:13  Pylon  
  12  0:20  Probe  
  13  0:28  Probe  
  14  0:38  Probe  
  15  0:50  Probe  
  16  1:18  Gateway  
  16  1:20  Gateway  
  16  1:22  Gateway  
  16  1:23  Gateway  
  16  1:28  Gateway  
  16  1:40  Pylon  
  16  1:42  Pylon  
  16  2:05  Zealot  
  16  2:08  Zealot  
  20  2:10  Zealot  
  20  2:12  Zealot  
  26  2:15  Zealot  
  26  2:27  Pylon  
  26  2:30  Pylon  
  26  2:43  Probe  
  27  2:45  Assimilator  
  27  2:49  Assimilator  
  27  2:53  Probe  
  28  3:01  Probe  
  29  3:09  Probe  
  29  3:17  Probe  
  30  3:25  Probe  
  31  3:27  Zealot x4  
  40  3:36  Zealot  
  42  3:51  Cybernetics Core  
  42  4:03  Zealot  
  42  4:07  Zealot  
  42  4:09  Zealot  
  48  4:12  Zealot  
  50  4:19  Zealot  
  52  4:31  Pylon  
  52  4:37  Pylon  
  52  5:05  Stargate  
  52  5:07  Stargate  
  52  5:09  Stargate  
  52  5:30  Robotics Facility  
  52  5:42  Phoenix  
  54  6:00  Phoenix  
  54  6:03  Phoenix  
  58  6:33  Nexus  
  58  6:34  Phoenix  
  58  6:36  Assimilator  
  58  6:38  Assimilator  
  58  6:39  Observer  
  61  6:50  Probe  
  62  6:58  Probe  
  62  7:00  Observer  
  63  7:07  Probe  
  65  7:19  Probe  
  65  7:22  Observer  
  67  7:25  Pylon  
  67  7:27  Pylon  
  67  7:29  Pylon  
  67  7:32  Probe  
  68  7:43  Observer  
  68  7:44  Probe  
  70  7:56  Probe  
  71  8:07  Probe  
  72  8:15  Probe  
  73  8:25  Probe  
  74  8:37  Probe  
  75  8:49  Probe  
  76  9:32  Fleet Beacon  
  76  9:35  Cybernetics Core  
  76  9:52  Observer  
  77  10:13  Observer  
  78  10:30  Carrier x3  
  78  10:35  Protoss Air Weapons Level 1, Protoss Air Armor Level 1  
  82  11:16  Mothership  
  86  11:34  Carrier x2  
  75  12:26  Stalker x2  
  75  12:27  Stalker x3  
  85  12:31  Carrier  
  91  12:38  Carrier  
  97  12:56  Stalker  
  43  14:52  Carrier x3  
  49  15:56  Carrier  
  55  16:40  Assimilator  
  55  16:44  Nexus, Assimilator  
  43  17:01  Nexus  
  31  18:00  Carrier x3  
  49  18:27  Probe  
  50  18:35  Probe  
  51  18:44  Probe  
  52  18:56  Probe  
  37  19:28  Probe  
  37  19:36  Probe  
  39  19:45  Probe  
  39  19:46  Probe  
  41  19:58  Probe x2  
  43  20:10  Probe x2  
Tags
 
Add a new tag
Caveats
  • Supply blocks, unpowered buildings, or Contaminate may cause inaccurate times.
  • Supply counts are checked every 10 seconds.